 Dungeon Sprint DCSS version 0.14-a0-2564-g94087c3 (webtiles) character file.

2269 BluebellGnoll the Unseen (level 9, -5/39 HPs)
             Began as a Spriggan Enchanter on Feb 11, 2014.
             Was a High Priest of Lugonu.
             Killed from afar by an oklob sapling (6 damage)
             ... with a splash of acid
             ... in the Dungeon (Sprint IV: "Fedhas' Mad Dash").
             The game lasted 00:17:48 (945 turns).

BluebellGnoll the Unseen (Spriggan Enchanter)        Turns: 945, Time: 00:17:48

HP  -5/39        AC  4     Str  9      XL: 9   Next: 14%
MP  24/25        EV 21     Int 20      God: Lugonu [*****.]
Gold 37          SH  0     Dex 16      Spells:  5 memorised,  1 level left

rFire  + . .     SeeInvis +     a - +1 dagger
rCold  . . .     Clarity  .     o - +2 robe {rF+}
rNeg   . . .     Conserve .     (shield restricted)
rPois  .         rCorr    .     (helmet restricted)
rElec  .         rRot     .     (no cloak)
SustAb . .       Spirit   .     (gloves unavailable)
rMut   .         Warding  .     (boots unavailable)
Saprov . . .     NoTele   +     (no amulet)
MR     +....                    n - ring of wizardry
                                j - cursed ring of invisibility

@: mighty, very slightly contaminated, hasted (expiring), very quick, somewhat
resistant to hostile enchantments, incredibly stealthy
A: unfitting armour, see invisible, herbivore 3, speed 3, slow metabolism 2
a: Bend Space, Banish, Corrupt, Renounce Religion, Evoke Invisibility


You were in the Dungeon.
You worshipped Lugonu.
Lugonu was extremely pleased with you.
You were not hungry.

You visited 1 branch You collected 151 gold pieces.
You spent 114 gold pieces at shops.

Inventory:

Hand weapons
 a - a +1,+1 dagger (weapon)
Missiles
 d - 12 darts (quivered)
 l - 14 poisoned needles
Armour
 b - a +1 robe
 o - a +2 robe of fire resistance (worn)
Comestibles
 p - 2 honeycombs
Scrolls
 k - a scroll of blinking
Jewellery
 g - the amulet "Hypa" {rCorr Str+3 Dex+4, unknown}
   (You found it in the Dungeon)

   [amulet of resist corrosion]

   It affects your strength (+3).
   It affects your dexterity (+4).
 j - a cursed ring of invisibility (left hand)
 n - a ring of wizardry (right hand)
Potions
 e - a potion of porridge
 f - 2 potions of curing
 i - 2 potions of magic
 m - a potion of confusion {unknown}
Books
 c - a book of Maledictions

   Spells                             Type                      Level
   *Corona                            Hexes                        1
   *Sure Blade                        Hexes/Charms                 2
   *Ensorcelled Hibernation           Hexes/Ice                    2
   *Confuse                           Hexes                        3
   *Enslavement                       Hexes                        4
   Invisibility                       Hexes                        6


   Skills:
 * Level 10.2 Short Blades
 - Level 1.1 Throwing
 - Level 6.2 Dodging
 + Level 20.7 Stealth
 - Level 2.6 Spellcasting
 - Level 7.7 Hexes
 * Level 5.6 Invocations
 - Level 9.8 Evocations


You had one spell level left.
You knew the following spells:

 Your Spells              Type           Power        Failure   Level  Hunger
a - Corona                Hex            ####...      1%          1    None
b - Sure Blade            Hex/Chrm       ###.......   1%          2    ##.....
c - Confuse               Hex            ####....     1%          3    ###....
d - Enslavement           Hex            ####....     3%          4    ####...
e - Ensorcelled Hibernat  Hex/Ice        ###...       1%          2    ##.....


Dungeon Overview and Level Annotations

Branches:
Dungeon (1/1)

Altars:
Cheibriados
Dithmenos
Elyvilon
Kikubaaqudgha
Makhleb
Nemelex Xobeh
Okawaru
Sif Muna
Trog
Vehumet
Xom
Yredelemnul
Zin
The Shining One
Beogh
Jiyva
Lugonu

Shops:
D =?*!

Annotations:
D exclusions: oklob plant and oklob sapling


Innate Abilities, Weirdness & Mutations

You are tiny and cannot use many weapons and most armour.
You have supernaturally acute eyesight.
You are a herbivore.
You cover ground extremely quickly.
You need consume almost no food.


Message History

You now have 7 gold pieces (gained 5).
The bond with your blade fades away.
You now have 23 gold pieces (gained 16).
g - a twitching platinum amulet You now have 32 gold pieces (gained 9).
You now have 37 gold pieces (gained 5).
You open the door.
Marking area around the oklob sapling as unsafe for travelling.
Marking area around the oklob plant as unsafe for travelling.
A wandering mushroom, an oklob sapling, an oklob plant and a burning bush come into view.
Found a leatherbound book.
There is an open door here.
The helpless burning bush fails to defend itself.
You cut the burning bush into ribbons!!!!!
You destroy the burning bush!
Your extra speed is starting to run out.
The oklob sapling spits acid at you. The splash of acid hits you!
The acid burns!
* * * LOW HITPOINT WARNING * * *
You die...

#<..f#.....#.....#.⌠.........
#ff..'.(...'.#.[.'._._._._._.
#ffff#.....#.#...#.._._._._._
###############'##._._._._._.
#...♣........'...#.⌠.........
#......♣.....#...############
#.....♣..♣..######*****,,*,**
##'####'######P:+,,,,,,*,,***
#).#....'...@..f#*,,***,*,,**
#..#..###....P..#,**,,*,,,*+,
#######*#########************
*,,,,,,,,,,,,,,,,,,,,,,* **
*∩,,,,,,,,,,,,,,,,,,,,,*****,
*∩,,,,,,,,,,,,,,,,,,,,,,,,,,,
*∩,,,,,,,,,,,,,,,,,,,,,,,****
***********+************** **
*,,,,,,,,,,* ***,,*****,


You could see an oklob plant (dormant), a wandering mushroom and an oklob
sapling.

Vanquished Creatures
  An oklob plant (D)
  2 wandering mushrooms (D)
  A queen bee (D)
  3 burning bushes (D)
  4 killer bees (D)
  2 spriggans (D)
  2 scorpions (D)
  A worker ant (D)
  4 oklob saplings (D)
  A green rat (D)
  A grey rat (D)
22 creatures vanquished.

Notes
Turn   | Place    | Note
--------------------------------------------------------------
     0 | D        | BluebellGnoll, the Spriggan Enchanter, began the quest for the Orb.
     0 | D        | Reached XP level 1. HP: 9/9 MP: 4/4
    13 | D        | Reached skill level 7 in Stealth
    13 | D        | Reached XP level 2. HP: 13/13 MP: 7/7
    14 | D        | Reached skill level 8 in Stealth
    21 | D        | Learned a level 2 spell: Sure Blade
    40 | D        | Noticed an oklob sapling
    44 | D        | Killed an oklob sapling
    44 | D        | Reached XP level 3. HP: 16/16 MP: 6/9
    49 | D        | Learned a level 3 spell: Confuse
    50 | D        | Noticed a worker ant
    52 | D        | Killed a worker ant
    52 | D        | Reached skill level 9 in Stealth
    52 | D        | Reached skill level 5 in Hexes
    69 | D        | Found a snail-covered altar of Cheibriados.
    69 | D        | Found a glowing silver altar of Zin.
    69 | D        | Found a white marble altar of Elyvilon.
    69 | D        | Found a viscous altar of Jiyva.
    69 | D        | Found a radiant altar of Vehumet.
    69 | D        | Found a deep blue altar of Sif Muna.
    69 | D        | Found an ancient bone altar of Kikubaaqudgha.
    69 | D        | Found a bloodstained altar of Trog.
    69 | D        | Found a corrupted altar of Lugonu.
    69 | D        | Noticed an oklob sapling priest
    75 | D        | Found a glowing golden altar of the Shining One.
    76 | D        | Found a burning altar of Makhleb.
    76 | D        | Found a sparkling altar of Nemelex Xobeh.
    77 | D        | Found an iron altar of Okawaru.
    78 | D        | Found a shadowy altar of Dithmenos.
    78 | D        | Found a shimmering altar of Xom.
    79 | D        | Found a basalt altar of Yredelemnul.
    80 | D        | Found a roughly hewn altar of Beogh.
    81 | D        | Killed an oklob sapling priest
    81 | D        | Reached skill level 5 in Dodging
    81 | D        | Reached skill level 10 in Stealth
    81 | D        | Reached XP level 4. HP: 21/21 MP: 6/12
   228 | D        | Became a worshipper of Lugonu the Unformed
   228 | D        | Acquired Lugonu's first power
   271 | D        | Noticed an oklob sapling wizard
   274 | D        | Killed an oklob sapling wizard
   274 | D        | Reached skill level 1 in Evocations
   274 | D        | Reached XP level 5. HP: 24/24 MP: 9/14
   283 | D        | Noticed a spriggan
   283 | D        | Noticed a spriggan
   284 | D        | Noticed a scorpion
   286 | D        | Killed a scorpion
   286 | D        | Acquired Lugonu's second power
   286 | D        | Reached skill level 12 in Stealth
   287 | D        | Killed a spriggan
   287 | D        | Reached skill level 13 in Stealth
   289 | D        | Killed a spriggan
   289 | D        | Reached skill level 14 in Stealth
   357 | D        | Found Shrieg's Magic Scroll Shop.
   357 | D        | Found Enutz's Jewellery Emporium.
   361 | D        | Noticed a burning bush
   361 | D        | Noticed a wandering mushroom
   362 | D        | Noticed a scorpion
   362 | D        | Noticed a wandering mushroom
   364 | D        | Killed a wandering mushroom
   364 | D        | Reached skill level 15 in Stealth
   364 | D        | Reached XP level 6. HP: 28/28 MP: 9/18
   366 | D        | Killed a scorpion
   366 | D        | Acquired Lugonu's third power
   367 | D        | Killed a burning bush
   367 | D        | Reached skill level 16 in Stealth
   367 | D        | Reached XP level 7. HP: 32/32 MP: 9/21
   369 | D        | Killed a wandering mushroom
   369 | D        | Reached skill level 17 in Stealth
   484 | D        | Found Koifi's Distillery.
   484 | D        | Found Fonnea's Assorted Antiques.
   642 | D        | Noticed an oklob sapling
   645 | D        | Killed an oklob sapling
   651 | D        | Noticed a killer bee
   651 | D        | Noticed a queen bee
   652 | D        | Noticed a killer bee
   652 | D        | Noticed a killer bee
   653 | D        | Noticed a killer bee
   659 | D        | Killed a queen bee
   659 | D        | Reached skill level 18 in Stealth
   659 | D        | Reached XP level 8. HP: 36/36 MP: 21/24
   660 | D        | Killed a killer bee
   661 | D        | Killed a killer bee
   661 | D        | Acquired Lugonu's fourth power
   663 | D        | Killed a killer bee
   664 | D        | Killed a killer bee
   672 | D        | Acquired Lugonu's fifth power
   731 | D        | Bought a scroll of curse armour for 24 gold pieces
   731 | D        | Bought a scroll of curse weapon for 24 gold pieces
   740 | D        | Bought a scroll labeled JEALEBOEMUN for 17 gold pieces
   740 | D        | Bought a scroll labeled QIURYCUTES for 17 gold pieces
   740 | D        | Bought a purple potion for 15 gold pieces
   740 | D        | Bought a scroll labeled DAZI DATRAAJ for 17 gold pieces
   809 | D        | Noticed a burning bush
   833 | D        | Noticed an oklob plant
   836 | D        | Killed an oklob plant
   836 | D        | Reached skill level 19 in Stealth
   848 | D        | Learned a level 4 spell: Enslavement
   851 | D        | Learned a level 2 spell: Ensorcelled Hibernation
   928 | D        | Killed a burning bush
   928 | D        | Reached skill level 10 in Short Blades
   928 | D        | Reached skill level 20 in Stealth
   928 | D        | Reached skill level 5 in Invocations
   928 | D        | Reached XP level 9. HP: 14/39 MP: 22/25
   934 | D        | Got a twitching platinum amulet
   939 | D        | Noticed an oklob sapling
   939 | D        | Noticed a wandering mushroom
   939 | D        | Noticed a burning bush
   939 | D        | Noticed an oklob plant
   941 | D        | Killed a burning bush
   945 | D        | HP: 1/39 [acid (14)]
   945 | D        | Killed from afar by an oklob sapling

Action                   |  1- 3 |  4- 6 |  7- 9 || total
-------------------------+-------+-------+-------++-------
Melee: Dagger            |    10 |     7 |    84 ||   101
 Cast: Sure Blade        |     2 |     2 |     7 ||    11
 Abil: Evoke Invisibilit |     1 |     2 |     3 ||     6
  Use: Potion            |     1 |       |     3 ||     4
       Scroll            |       |     1 |     4 ||     5
 Stab: Sleeping          |     3 |     7 |     9 ||    19
